Map: Jagannatha LE

Players

BarathBathum - Winner!

  • Race: Terran Terran
  • League: Platinum
  • Spawn Location: 1:00

Massa

  • Race: Terran Terran
  • League: Platinum
  • Spawn Location: 7:00

VOD

Have the link to the VOD?

Description

Time

  • Played on: Jan. 15, 2021, 5:24 p.m.
  • Length: 7:30
Show
View Real Time Build Order
Export as new Build Order

BarathBathum Terran - Winner!

Build Orders:  

Get SALT Encoding   

  12  0:00  SCV  
  13  0:12  SCV  
  14  0:17  Supply Depot  
  14  0:24  SCV  
  14  0:27  Refinery  
  15  0:39  SCV  
  16  0:46  Barracks  
  16  0:51  SCV  
  17  1:03  SCV  
  18  1:15  SCV  
  19  1:33  Orbital Command  
  19  1:36  Factory  
  19  1:50  Reaper  
  20  1:59  Refinery, SCV  
  21  2:11  SCV, Supply Depot  
  22  2:20  Command Center  
  22  2:23  Factory Tech Lab  
  22  2:26  Marine  
  23  2:30  SCV  
  23  2:41  Starport  
  23  2:42  SCV  
  24  2:48  Barracks Reactor  
  24  2:57  SCV  
  25  3:05  Siege Tank  
  28  3:12  SCV  
  28  3:30  Marine x2  
  28  3:32  Starport Reactor  
  30  3:44  SCV  
  30  3:47  Orbital Command, Supply Depot  
  31  3:53  Marine x2  
  31  3:54  Siege Tank  
  36  4:00  Engineering Bay  
  36  4:01  Supply Depot  
  36  4:02  SCV  
  37  4:08  Viking  
  39  4:13  Marine  
  39  4:14  SCV  
  39  4:15  SCV  
  42  4:17  Marine  
  43  4:26  SCV  
  43  4:27  SCV  
  43  4:28  Viking  
  47  4:33  Siege Tank  
  50  4:39  Marine  
  50  4:40  Marine  
  52  4:54  SCV  
  52  4:55  Refinery, SCV  
  52  4:57  Refinery, Marine x2  
  56  5:04  Viking  
  56  5:06  Siege Tank  
  60  5:15  Marine x2  
  60  5:25  Barracks  
  60  5:26  Barracks, Terran Infantry Weapons Level 1  
  60  5:28  Engineering Bay  
  60  5:36  SCV  
  60  5:37  Supply Depot  
  60  5:38  SCV  
  60  5:39  Supply Depot  
  60  5:55  Siege Tank  
  60  5:56  Marine  
  60  5:57  Marine  
  59  6:11  Liberator  
  59  6:14  Marine x2  
  64  6:26  Viking  
  64  6:29  Barracks Tech Lab  
  64  6:30  Barracks Tech Lab  
  64  6:32  Marine x2  
  68  6:48  Command Center  
  68  6:50  Marine x4  
  68  6:51  Siege Tank  
Show
View Real Time Build Order
Export as new Build Order

Massa Terran 

Build Orders: 2 Factory, Reaper Expand 

Get SALT Encoding   

  12  0:00  SCV  
  13  0:12  SCV  
  14  0:20  Supply Depot  
  14  0:24  SCV  
  15  0:42  SCV  
  16  0:43  Barracks  
  16  0:53  Refinery  
  16  0:54  SCV  
  17  1:06  SCV  
  17  1:09  Refinery  
  18  1:18  SCV  
  19  1:33  Orbital Command  
  19  1:35  Reaper  
  20  1:50  Command Center  
  20  1:59  SCV  
  21  2:07  Marine  
  22  2:11  SCV  
  23  2:16  Supply Depot  
  23  2:38  Factory  
  23  2:40  Supply Depot  
  23  2:50  SCV  
  24  2:54  Factory  
  24  3:00  Barracks Tech Lab  
  24  3:02  SCV  
  24  3:05  Orbital Command  
  25  3:14  SCV  
  26  3:35  Barracks Tech Lab  
  26  3:36  SCV x2  
  26  3:41  Cyclone  
  31  3:43  Mag-Field Accelerator  
  31  3:48  SCV x2  
  33  3:59  Cyclone  
  33  4:02  SCV x2  
  38  4:03  Refinery, Barracks Tech Lab  
  38  4:07  Engineering Bay  
  38  4:11  Starport  
  38  4:13  Supply Depot  
  38  4:14  SCV x2  
  40  4:18  Cyclone  
  43  4:26  SCV  
  43  4:31  Cyclone  
  47  4:36  Missile Turret  
  46  4:41  Missile Turret  
  46  4:47  Starport Tech Lab  
  46  4:50  Supply Depot  
  46  4:51  Terran Infantry Weapons Level 1  
  46  4:53  Stimpack  
  46  4:54  Marine  
  47  5:12  Marine  
  48  5:22  Raven  
  50  5:30  Marine  
  50  5:32  SCV x2  
  50  5:33  Refinery  
  53  5:40  Command Center  
  53  5:44  SCV x2  
  55  5:54  Cyclone x2  
  55  5:56  SCV  
  56  6:14  Marine  
  48  6:27  Viking  
  48  6:32  Marine  
  35  6:47  Orbital Command  
  35  6:49  Marine  
  31  7:00  Barracks  
  33  7:01  Barracks  
  33  7:02  Barracks  
  33  7:05  Barracks, Missile Turret  
Tags
 
Add a new tag
Caveats
  • Supply blocks, unpowered buildings, or Contaminate may cause inaccurate times.
  • Supply counts are checked every 10 seconds.